 Dungeon Crawl Stone Soup version 0.26-a0-837-g5a8a614f01 (webtiles) character file.

Game seed: 14015830855603224948

19 Morbidden the Covered (level 2, 13/25 HPs)
             Began as a Barachi Fighter on Nov 18, 2020.
             Quit the game on level 1 of the Dungeon.
             The game lasted 00:00:53 (343 turns).

Morbidden the Covered (Barachi Fighter)              Turns: 343, Time: 00:00:54

Health: 13/25      AC:  7    Str: 17    XL:     2   Next: 75%
Magic:  2/2        EV:  7    Int:  8    God:
Gold:   22         SH:  9    Dex: 11    Spells: 1/1 levels left

rFire    . . .     SeeInvis .   a - +0 long sword
rCold    . . .     Faith    .   c - +0 kite shield
rNeg     . . .     Spirit   .   b - +0 scale mail
rPois    .         Reflect  .   (no helmet)
rElec    .         Harm     .   (no cloak)
rCorr    .         Rampage  .   (no gloves)
MR       .....                  (no boots)
Stlth    ..........             (no amulet)
HPRegen  0.08/turn              (no ring)
MPRegen  0.08/turn              (no ring)

@: slow
A: +LOS, swims, slowness 1, strong legs 1
a: Hop


You were on level 1 of the Dungeon.
You visited 1 branch of the dungeon, and saw 1 of its levels.

You collected 22 gold pieces.

Inventory:

Hand Weapons
 a - a +0 long sword (weapon)
Armour
 b - a +0 scale mail (worn)
 c - a +0 kite shield (worn)
Scrolls
 e - a scroll of remove curse {unknown}
Potions
 d - a potion of might
 f - a potion of attraction {unknown}
 g - 2 potions of heal wounds {unknown}
 h - a potion of resistance {unknown}


   Skills:
 + Level 3.8 Fighting
 + Level 2.8 Long Blades
 + Level 4.0 Armour
 + Level 0.2 Dodging
 + Level 3.6 Shields


You had one spell level left.
You didn't know any spells.
Your spell library was empty.

Dungeon Overview and Level Annotations

Branches:
Dungeon (1/15)

Altars:


Innate Abilities, Weirdness & Mutations

You can be seen from farther away. (+LOS)
You can swim through water.
You cover ground slowly.
You can hop short distances.


Message History

You hit the rat.
The rat is heavily wounded.
The rat bites you but does no damage.
Unknown command.
You closely miss the rat.
The rat is heavily wounded.
You block the rat's attack.
You barely miss the rat.
The rat is heavily wounded.
The rat barely misses you. The rat bites you.
You hit the rat.
You kill the rat!
Unknown command.
No target in view!
Unknown command.
No target in view!
Unknown command.
No target in view!
Unknown command.
Are you sure you want to abandon this character and quit the game? (Confirm with "yes".)

##..###### .##....#
##..#.....##.##....#
#..#.....#.#.##....#
##.#######..#........
#..#.....#(.#.......#
#[.#...!.#..#..###.##
#..#.....#.)#..# #...
#..#†(...#.#(.# ###.
#..#@)...##..#######.
#..'######)..(.......
#.........†########..
#.####.##### ### #..
# # ### # . # #


There were no monsters in sight!

Vanquished Creatures
  A ball python (D:1)
  2 bats (D:1)
  A giant cockroach (D:1)
  2 hobgoblins (D:1)
  4 kobolds (D:1)
  A frilled lizard (D:1)
  7 rats (D:1)
18 creatures vanquished.

Notes
Turn   | Place    | Note
-------+----------+-------------------------------------------
     0 | D:1      | Morbidden the Barachi Fighter began the quest for the Orb.
     0 | D:1      | Reached XP level 1. HP: 18/18 MP: 1/1
   119 | D:1      | Reached XP level 2. HP: 25/25 MP: 2/2
   337 | D:1      | Reached skill level 4 in Armour
   343 | D:1      | Quit the game

Illustrated notes

Levels and vault maps discovered:
D:1:      wheals_arrival_linesprint, layout_rooms, serial_forest,
          infiniplex_forest_end_2, infiniplex_forest_lined_4_way,
          infiniplex_forest_diagonal, infiniplex_forest_straight_2,
          infiniplex_forest_clump_diagonal, infiniplex_forest_lined_corner,
          infiniplex_forest_straight_2, infiniplex_forest_lined_room_3,
          minmay_3d_cube

Skill      XL: |  1  2 |
---------------+-------+-----
Armour         | 4 |  4.0
Fighting       | |  3.8
Long Blades    | |  2.8
Dodging        | |  0.2
Shields        | |  3.6

Action                   || total
-------------------------++-------
Melee: Long sword        ||    49
 Abil: Hop               ||     1
Armor: Scale mail        ||    39
Dodge: Dodged            ||    13
Block: Kite shield       ||    44
       Rpst.: Long sword ||     5

Table legend: (Time is in decaauts)
 A = Elapsed time spent in this place.
 B = Non-inter-level travel time spent in this place.
 C = Inter-level travel time spent in this place.
 D = Time resting spent in this place.
 E = Time spent auto-exploring this place.
 F = Levels seen in this place.
 G = Mean time per level.
                   A        B        C        D        E       F      G
               +--------+--------+--------+--------+--------+-----+--------+
         Total |    415 |    415 |      0 |      0 |    270 |   1 |  415.0 |
       Dungeon |    415 |    415 |      0 |      0 |    270 |   1 |  415.0 |
               +--------+--------+--------+--------+--------+-----+--------+

Top non-repeatable levels by time:
     D:1: 415 daAuts
